 Dungeon Crawl Stone Soup version 0.21.1-1-g345015fe64 (webtiles) character file.

428 Peloso the Covered (level 6, -7/53 HPs)
             Began as a Minotaur Fighter on May 25, 2018.
             Killed by nerve-wracking pain
             ... invoked by Menkaure
              (14 damage)
             ... on level 4 of the Dungeon.
             The game lasted 00:07:25 (2631 turns).

Peloso the Covered (Minotaur Fighter)               Turns: 2631, Time: 00:07:26

Health: -7/53      AC:  7    Str: 26    XL:     6   Next: 65%
Magic:  5/5        EV:  9    Int:  5    God:
Gold:   167        SH: 10    Dex: 11    Spells: 5/5 levels left

rFire    . . .     SeeInvis +   a - +0 long sword
rCold    . . .     Gourm    .   c - +0 shield
rNeg     . . .     Faith    .   b - +0 scale mail
rPois    .         Spirit   .   (helmet restricted)
rElec    .         Reflect  .   (no cloak)
rCorr    .         Harm     .   (no gloves)
MR       .....                  (no boots)
Stlth    ..........             (no amulet)
HPRegen  0.17/turn              i - ring of see invisible
MPRegen  0.09/turn              d - +5 ring of strength

@: berserk cooldown, slowed, very slow
A: retaliatory headbutt, horns 2
a: no special abilities


You were on level 4 of the Dungeon.
You were not hungry.

You visited 1 branch of the dungeon, and saw 4 of its levels.

You collected 167 gold pieces.

Inventory:

Hand Weapons
 a - a +0 long sword (weapon)
Missiles
 s - 21 bolts
Armour
 b - a +0 scale mail (worn)
 c - a +0 shield (worn)
Jewellery
 d - a +5 ring of strength (right hand)
 i - a ring of see invisible (left hand)
 l - an uncursed ring of protection from cold
Wands
 t - a wand of random effects (26)
Scrolls
 g - 3 scrolls of fear
 j - a scroll of amnesia
 m - a scroll of remove curse {unknown}
 p - 3 scrolls of magic mapping
 q - a scroll of identify
Potions
 e - a potion of lignification
 h - 2 potions of heal wounds
 k - 2 potions of degeneration
 n - a potion of brilliance
 o - 6 potions of curing
 r - a potion of berserk rage
Comestibles
 f - 7 rations


   Skills:
 + Level 4.6 Fighting
 + Level 5.0 Long Blades
 + Level 5.6 Armour
 + Level 1.8 Dodging
 + Level 0.2 Stealth
 + Level 5.3 Shields


You had 5 spell levels left.
You didn't know any spells.

Dungeon Overview and Level Annotations

Branches:
Dungeon (4/15)
 Temple: D:4-7

Altars:
Hepliaklqana
Ru
Uskayaw

Shops:
D:4 =

Annotations:
D:4 Menkaure


Innate Abilities, Weirdness & Mutations

You reflexively headbutt those who attack you in melee.
You have a pair of horns on your head.


Message History

* * * LOW HITPOINT WARNING * * *
Found 21 stones.
You block Menkaure's attack.
You slash Menkaure!
Menkaure is moderately damaged.
Menkaure calls on the powers of darkness!
Your body is wracked with pain!
* * * LOW HITPOINT WARNING * * *
You hit Menkaure but do no damage.
Menkaure is moderately damaged.
Menkaure gestures wildly while chanting.
Menkaure seems to speed up.
Menkaure closely misses you. You furiously retaliate!
You headbutt Menkaure.
You riposte.
You hit Menkaure.
You headbutt Menkaure, but do no damage.
Menkaure is heavily damaged.
You slash Menkaure!
Menkaure is almost destroyed.
Menkaure points at you and mumbles some strange words.
Pain shoots through your body!
You die...

,,,,,,,,,,,,*###########........#
*****,,,,,,,,*...(..* ###..###<.
*** *,,,,,,,,*#....#* #...##..
,,* **********#....# #.#.##.. ,,*
#....# #.#..#.. ,,* #....####
#....... ,,* #.......# ####..#.
,,*******######.......# ##.#.
,,**,,,,,......M@.....# #...
,,**,****########.....# ##..
****,* *,#.....#.##### ######.. *
*,* *,#.###.#.########.....#. *
*,****,#.#..∩................. *
*,*,,,,#.#...#.########.....#.
****,*,**,#.#...#.# #.....#.
,,,,,,,,,,#.#.#.#.# #.....#.
****,*,*,,#...#.#.# #.....##


You could see Menkaure.

Vanquished Creatures
  Sigmund (D:3)
  An ogre (D:4)
  A jelly (D:3)
  A worker ant (D:4)
  6 adders
  A howler monkey skeleton (D:4)
  An ooze (D:3)
  A dart slug (D:3)
  3 leopard geckos
  3 orcs
  5 giant cockroaches
  6 goblins
  5 hobgoblins
  3 jackals (D:3)
  A quokka (D:2)
  7 bats
  8 frilled lizards
  5 kobolds
  A leopard gecko skeleton (D:4)
  A rat (D:3)
61 creatures vanquished.

Notes
Turn   | Place    | Note
-------+----------+-------------------------------------------
     0 | D:1      | Peloso the Minotaur Fighter began the quest for the Orb.
     0 | D:1      | Reached XP level 1. HP: 19/19 MP: 0/0
   484 | D:1      | Reached XP level 2. HP: 24/27 MP: 1/1
  1099 | D:2      | Reached XP level 3. HP: 28/33 MP: 2/2
  1379 | D:3      | Noticed Sigmund
  2000 | D:3      | Killed Sigmund
  2000 | D:3      | Reached skill level 5 in Armour
  2000 | D:3      | Reached skill level 1 in Dodging
  2000 | D:3      | Reached XP level 4. HP: 34/41 MP: 3/3
  2000 | D:3      | Reached XP level 5. HP: 39/47 MP: 4/4
  2073 | D:3      | Reached XP level 6. HP: 51/53 MP: 5/5
  2294 | D:3      | Reached skill level 5 in Shields
  2456 | D:3      | Found a sacrificial altar of Ru.
  2481 | D:4      | Found a hide-covered altar of Uskayaw.
  2496 | D:4      | Found a hazy altar of Hepliaklqana.
  2597 | D:4      | Reached skill level 5 in Long Blades
  2607 | D:4      | Found Hoomnol's Jewellery Emporium.
  2626 | D:4      | Noticed Menkaure
  2631 | D:4      | Killed from afar by Menkaure

Skill      XL: |  1  2  3  4  5  6 |
---------------+-------------------+-----
Shields        | 4 5 |  5.3
Armour         | 4 5 |  5.6
Long Blades    | 4 5 |  5.0
Fighting       | 4 |  4.6
Dodging        | 1 |  1.8
Stealth        | |  0.2

Action                   |  1- 3 |  4- 6 || total
-------------------------+-------+-------++-------
Melee: Long sword        |    68 |    78 ||   146
       Headbutt          |    13 |    17 ||    30
  Use: Potion            |     2 |     1 ||     3
       Scroll            |       |     8 ||     8
  Eat: Chunk             |     2 |     4 ||     6
Armor: Scale mail        |    36 |    23 ||    59
Dodge: Dodged            |    37 |    30 ||    67
Block: Shield            |    48 |    45 ||    93
       Rpst.: Long sword |     9 |    10 ||    19
